 Dungeon Crawl Stone Soup version 0.22-a0-614-g34fbaa0 (console) character file.

6 vegansnacktivist the Scratcher (level 1, 0/9 HPs)
             Began as a Felid Transmuter on July 21, 2018.
             Slain by a jackal (2 damage)
             ... on level 1 of the Dungeon.
             The game lasted 00:00:14 (70 turns).

vegansnacktivist the Scratcher (Felid Transmuter)     Turns: 70, Time: 00:00:15

Health: 0/9        AC:  1    Str:  6    XL:     1   Next: 75%
Magic:  4/4        EV: 18    Int: 14    God:
Gold:   0          SH:  0    Dex: 16    Spells: 3/4 levels left
                                        Lives:  0   Deaths: 0

rFire    . . .     SeeInvis +     - Unarmed
rCold    . . .     Gourm    .   (shield unavailable)
rNeg     . . .     Faith    .   (armour unavailable)
rPois    .         Spirit   .   (helmet unavailable)
rElec    .         Reflect  .   (cloak unavailable)
rCorr    .         Harm     .   (gloves unavailable)
MR       .....                  (boots unavailable)
Stlth    +++.......             (no amulet)
HPRegen  0.03/turn              (no ring)
MPRegen  0.09/turn              (no ring)

@: quick
A: very small, no armour, no weapons or thrown items, stealth, claws 1, fangs 3,
see invisible, carnivore, speed 1, shaggy fur 1, slow metabolism 1, sharp paws
a: no special abilities


You were on level 1 of the Dungeon.
You were not hungry.

You visited 1 branch of the dungeon, and saw 1 of its levels.

Inventory:

Missiles
 a - 12 arrows
Comestibles
 c - a ration


   Skills:
 - Level 1.0 Fighting
 - Level 2.6 Dodging
 + Level 2.2 Stealth
 - Level 3.0 Unarmed Combat
 - Level 2.0 Spellcasting
 - Level 2.1 Transmutations


You had 3 spell levels left.
You knew the following spells:

 Your Spells              Type           Power        Failure   Level  Hunger
a - Beastly Appendage     Tmut           #.....       10%         1    ##.....

Your spell library contained the following spells:

 Spells                   Type           Power        Failure   Level  Hunger
 Spider Form              Tmut/Pois      #.........   41%         3    ####...
 Blade Hands              Tmut           #.........   95%         5    ######.
 Ice Form                 Ice/Tmut       #.......     83%         4    #####..
 Sticks to Snakes         Tmut           #.......     14%         2    ###....


Dungeon Overview and Level Annotations

Branches:
Dungeon (1/15)

Altars:
Okawaru


Innate Abilities, Weirdness & Mutations

You cannot wear armour.
You are incapable of wielding weapons or throwing items.
Your paws allow you to move quietly. (Stealth)
You have sharp claws.
You have razor-sharp teeth.
You have supernaturally acute eyesight. (SInv)
You are carnivorous and can eat meat at any time.
You cover ground quickly.
You are covered in fur. (AC +1)
You have a slow metabolism.
Your sharp claws are effective at attacking unaware monsters.


Message History

You are too injured to fight recklessly!
You are too injured to fight recklessly!
You are too injured to fight recklessly!
You are too injured to fight recklessly!
You are too injured to fight recklessly!
Unknown command.
You scratch the jackal.
The jackal is severely wounded.
The jackal completely misses you. The jackal bites you.
* * * LOW HITPOINT WARNING * * *
The jackal closely misses you.
You scratch the jackal.
You kill the jackal!
Your Stealth skill increases to level 2!
The jackal completely misses you.
You barely miss the jackal. The jackal completely misses you.
You scratch the jackal.
The jackal is moderately wounded.
The jackal bites you.
You die...

#+# #.# #.# . #.# ..
######### #.# ...
........###.########....
###.#....##.........
#...'.)...#h.†......
#.###.....@......#
♣♣♣♣♣♣♣.# #..♣♣♣♣♣†....#
........# #..♣ ♣.....#
♣♣♣♣♣♣♣## ##.. .........
#.### ##♣P ♣###.###.
....# ♣♣ .# .#...#... #
###...#..###########
.......#.§≈≈§§§≈≈≈≈#


You could see a jackal.

Vanquished Creatures
  A hobgoblin (D:1)
  3 jackals (D:1)
  A frilled lizard (D:1)
5 creatures vanquished.

Notes
Turn   | Place    | Note
-------+----------+-------------------------------------------
     0 | D:1      | vegansnacktivist the Felid Transmuter began the quest for the Orb.
     0 | D:1      | Reached XP level 1. HP: 9/9 MP: 4/4
     9 | D:1      | Found an iron altar of Okawaru.
    51 | D:1      | Reached skill level 1 in Stealth
    70 | D:1      | Slain by a jackal

Vault maps used:
D:1:      lightli_arrival_boilingwater, serial_forest,
          infiniplex_forest_lined_ring, infiniplex_forest_clump_large,
          infiniplex_forest_straight_4, infiniplex_forest_straight_2,
          infiniplex_forest_3_way, infiniplex_forest_straight_3,
          infiniplex_forest_lined_corner, wad_floor_pattern_untrapped,
          okawaru_ov_weapons_minmay

Skill      XL: |  1 |
---------------+----+-----
Stealth        | 2 |  2.2
Fighting       | |  1.0
Dodging        | |  2.6
Unarmed Combat | |  3.0
Spellcasting   | |  2.0
Transmutations | |  2.1

Action                   || total
-------------------------++-------
Melee: Unarmed           ||    18
       Bite              ||     2
Armor: Skin              ||     5
Dodge: Dodged            ||    22

Table legend:
 A = Spawn XP
 B = Non-spawn XP
 C = Spawn XP percentage of total XP
 D = Spawn monster count
 E = Non-spawn monster count
 F = Spawn count percentage of total count
 G = Total turns spent on level
                    A         B        C        D         E        F      G
               +---------+---------+-------+---------+---------+-------+---------
         Total |       0 |       9 |   0.0 |       0 |       5 |   0.0 |    70
               +---------+---------+-------+---------+---------+-------+---------
           D:1 |       0 |       9 |   0.0 |       0 |       5 |   0.0 |    70
               +---------+---------+-------+---------+---------+-------+---------
